 Dungeon Crawl Stone Soup version 0.28.0-43-g3370ac3207 (webtiles) character file.

Game seed: 14767355280893650533

6 ZappyNine the Caller (level 1, -1/14 HPs)
             Began as a Demigod Summoner on Mar 13, 2022.
             Slain by a ball python (3 damage)
             ... on level 1 of the Dungeon.
             The game lasted 00:00:45 (325 turns).

ZappyNine the Caller (Demigod Summoner)              Turns: 325, Time: 00:00:46

Health: -1/14      AC:  2    Str:  9    XL:     1   Next: 60%
Magic:  0/5        EV:  9    Int: 17    God:
Gold:   0          SH:  0    Dex: 14    Spells: 2/3 levels left

rFire   . . .      SeeInvis .   b - +0 dagger
rCold   . . .      Faith    .   (no shield)
rNeg    . . .      Spirit   .   a - +0 robe
rPois   .          Reflect  .   (no helmet)
rElec   .          Harm     .   (no cloak)
rCorr   .          Rampage  .   (no gloves)
Will    .....                   (no boots)
Stlth   ++........              (no amulet)
HPRegen 0.04/turn               (no ring)
MPRegen 0.09/turn               (no ring)

@: constricted
A: high MP 1, forlorn, divine attributes
a: no special abilities


You were on level 1 of the Dungeon.
You visited 1 branch of the dungeon, and saw 1 of its levels.

Inventory:

Hand Weapons
 b - a +0 dagger (weapon)
Armour
 a - a +0 robe (worn)
Scrolls
 c - a scroll of immolation {unknown}


   Skills:
 + Level 1.9 Dodging
 + Level 2.0 Stealth
 + Level 1.9 Spellcasting
 + Level 3.6 Summonings


You had 2 spell levels left.
You knew the following spells:

 Your Spells              Type           Power      Damage    Failure   Level
a - Summon Small Mammal   Summ           56%        N/A       4%          1

Your spell library contained the following spells:

 Spells                   Type           Power      Damage    Failure   Level
 Call Imp                 Summ           14%        N/A       6%          2
 Call Canine Familiar     Summ           14%        N/A       13%         3
 Summon Guardian Golem    Hex/Summ       7%         N/A       28%         3
 Summon Lightning Spire   Summ/Air       7%         N/A       67%         4


Dungeon Overview and Level Annotations

Branches:
Dungeon (1/15)


Innate Abilities, Weirdness & Mutations

You have an increased reservoir of magic. (+10% MP)
You shall have no god before yourself.
Your divine heritage dramatically boosts your attributes as you level up.


Message History

The bat misses your quokka. The hobgoblin closely misses you.
Your quokka bites the bat.
The bat dies!
Your Stealth skill increases to level 2!
You hit the hobgoblin but do no damage.
The hobgoblin is heavily wounded.
The endoplasm closely misses you.
Your quokka barely misses the hobgoblin.
The hobgoblin barely misses you.
Unknown command.
You barely miss the hobgoblin.
The hobgoblin is heavily wounded.
Your quokka barely misses the hobgoblin.
The endoplasm hits you. The hobgoblin closely misses you.
Unknown command.
You hit the hobgoblin but do no damage.
The hobgoblin is heavily wounded.
Your quokka closely misses the hobgoblin.
The endoplasm hits you but does no damage.
The hobgoblin hits you.
Unknown command.
You hit the hobgoblin.
The hobgoblin is severely wounded.
Your quokka bites the hobgoblin.
The hobgoblin dies!
The endoplasm hits you but does no damage.
Unknown command.
Casting: Summon Small Mammal (safe; 4% risk of failure)
Confirm with . or Enter, or press ? or * to list all spells.
Your quokka bites the endoplasm.
The ball python closely misses you. The ball python grabs you.
The ball python constricts you.
The endoplasm hits your rat but does no damage.
The endoplasm freezes you.
You are frozen.
* * * LOW HITPOINT WARNING * * *
Your quokka bites the endoplasm.
You hit the ball python. Your punch misses the ball python.
The ball python is moderately wounded.
The ball python bites you.
You die...

.... ####.## #.... #.##
#....##### #..#
.........######## ##..
..........#.....# #.)
......$...#.....# #..
..........Jr....#### #..
.........##SJ†.....#########
.........##@r.............##
.........##.....##..#####...
.........############ ###.
.........# ## ##########


You could see 2 endoplasms, a ball python, a friendly quokka (summoned) and a
friendly rat (summoned).

Vanquished Creatures
  A bat (D:1)
1 creature vanquished.

Vanquished Creatures (collateral kills)
  A hobgoblin (D:1)
  A kobold (D:1)
  2 bats (D:1)
  A frilled lizard (D:1)
  A rat (D:1)
6 creatures vanquished.

Grand Total: 7 creatures vanquished

Notes
Turn   | Place    | Note
-------+----------+-------------------------------------------
     0 | D:1      | ZappyNine the Demigod Summoner began the quest for the Orb.
     0 | D:1      | Reached XP level 1. HP: 14/14 MP: 5/5
   325 | D:1      | Slain by a ball python

Illustrated notes

Levels and vault maps discovered:
D:1:      ebering_trefoil_twist, layout_rooms, hangedman_feature_mirror

Skill      XL: |  1 |
---------------+----+-----
Stealth        | 2 |  2.0
Dodging        | |  1.9
Spellcasting   | |  1.9
Summonings     | |  3.6

Action                   || total
-------------------------++-------
Melee: Dagger            ||    15
       Unarmed           ||     3
 Cast: Summon Small Mamm ||    10
Armor: Robe              ||     8
Dodge: Dodged            ||    26
